 Dungeon Crawl Stone Soup version 0.31.0-11-ge490571c62 (webtiles) character file.

Game seed: 3649148389138890290

2957 jasper the Cleaver (level 9, -13/65 HPs)
             Began as a Vampire Gladiator on Jan 31, 2024.
             Was a Follower of Makhleb.
             Hit by a large rock thrown by a cyclops (16 damage)
             ... on level 7 of the Dungeon.
             The game lasted 00:09:18 (5279 turns).

jasper the Cleaver (Vampire Gladiator)              Turns: 5279, Time: 00:09:19

Health: -13/65     AC: 14    Str: 17    XL:     9   Next: 52%
Magic:  9/9        EV:  8    Int: 11    God:    Makhleb [*.....]
Gold:   357        SH:  0    Dex: 15    Spells: 8/8 levels left

rFire   . . .        a - +0 war axe
rCold   . . .        (no shield)
rNeg    . . .        x - +0 chain mail
rPois   .            c - +2 helmet
rElec   .            (no cloak)
rCorr   .            g - +0 pair of gloves
SInv    +            k - +0 pair of boots
Will    +....        (no amulet) Stlth
                     l - ring of willpower
HPRegen 0.50/turn    (no ring)
MPRegen 0.11/turn

%: no passive effects
@: healing quickly
A: alive, fangs 3, see invisible, vampiric 2
a: Exsanguinate, Renounce Religion


You were on level 7 of the Dungeon.
You worshipped Makhleb.
Makhleb was aware of your devotion.
You visited 1 branch of the dungeon, and saw 7 of its levels.

You collected 357 gold pieces.

Inventory:

Hand Weapons
 a - a +0 war axe (weapon)
 d - a +4 flail
 m - a +0 whip of flaming
Missiles
 e - 4 javelins
 i - 58 stones (quivered)
 r - 8 poisoned darts
 t - 2 throwing nets
Armour
 b - a +0 leather armour
 c - a +2 helmet (worn)
 g - a +0 pair of gloves (worn)
 j - a +0 scale mail
 k - a +0 pair of boots (worn)
 x - a +0 chain mail (worn)
Jewellery
 f - a +6 ring of intelligence
 l - a ring of willpower (left hand)
Wands
 w - a wand of quicksilver (7)
Scrolls
 o - a scroll of teleportation
 q - a scroll of torment
 u - a scroll of butterflies
 v - 2 scrolls of fear
 y - a scroll of revelation
Potions
 h - 3 potions of curing
 n - 2 potions of resistance
 p - a potion of mutation
 s - a potion of cancellation
 z - 2 potions of degeneration {unknown}


   Skills:
 + Level 4.0 Fighting
 * Level 11.3 Axes
 - Level 1.5 Throwing
 + Level 3.1 Armour
 - Level 3.2 Dodging


You had 8 spell levels left.
You didn't know any spells.
Your spell library contained the following spells:

 Spells                   Type           Power      Damage    Failure   Level
 Apportation              Tloc           0%         N/A       98%         1
 Necrotise                Necr           0%         1d4       98%         1
 Sting                    Conj/Alch      0%         1d3       98%         1
 Summon Small Mammal      Summ           0%         N/A       98%         1
 Cigotuvi's Dreadful Rot  Necr/Alch/Air  0%         N/A       99%         2
 Dispel Undead            Necr           0%         3d6       100%        4
 Martyr's Knell           Necr/Summ      0%         N/A       100%        4
 Death Channel            Necr           0%         N/A       100%        6
 Sculpt Simulacrum        Ice/Alch       0%         N/A       100%        6
 Ozocubu's Refrigeration  Ice            0%         4d7       100%        7
 Polar Vortex             Ice            0%         N/A       100%        9


Dungeon Overview and Level Annotations

Branches:
Dungeon (7/15)             Temple (0/1) D:5

Altars:
Fedhas
Gozag
Makhleb
Ru
Sif Muna
Uskayaw
Xom
Yredelemnul

Shops:
D:3 (   D:4 (

Annotations:
D:6 3 runed translucent doors, monsoonserge's ghost, weakling SpDe
D:7 Jeremiah


Innate Abilities, Weirdness & Mutations

Your natural rate of healing is accelerated.
You have razor-sharp teeth.
You have supernaturally acute eyesight. (SInv)
You are afflicted with vampirism and can become a bat while bloodless.


Message History

You slash the iguana!
The iguana is severely wounded.
You closely miss the howler monkey.
The howler monkey hoots and howls with incredible vigour!
You slash the iguana!
You kill the iguana!
Makhleb accepts your kill.
You slash the howler monkey!
You kill the howler monkey!
Makhleb accepts your kill.
You feel better.
Your Fighting skill increases to level 4!
h - 3 potions of curing (gained 1)
You see here an iguana corpse.
HP restored.
Found 2 boomerangs.
The cyclops shouts!
A cyclops is nearby!
You start waiting.
A cyclops is nearby!
You slash the cyclops!
The cyclops is lightly wounded.
Jeremiah shouts, "O dreadful one, destroy my foe!"
Something smites you!
You hit the cyclops.
The cyclops is moderately wounded.
The cyclops closely misses you.
You hit the cyclops but do no damage. You bite the cyclops.
The cyclops is moderately wounded.
The cyclops hits you!!
You completely miss the cyclops. You bite the cyclops, but do no damage.
The cyclops is moderately wounded.
You slash the cyclops!
The cyclops is moderately wounded.
Jeremiah hops!
The cyclops barely misses you.
The cyclops throws a large rock.
The large rock hits you!!
* * * LOW HITPOINT WARNING * * *
There is a stone staircase leading up here.
The cyclops throws a large rock.
The large rock hits you!
You die... .b..### .## ## .bbb..F

.. .##..b....
.. .b..b.bb.
#b.bb....
#C### #...#
###.###
.#####..@#
........†.#
........††#
####......#
#...##..#
..... ....
..#...#.#.#.
#####........
..###. #


You could see a cyclops.

Vanquished Creatures
  Pikel (D:4)
  A shadow (D:6)
  A water moccasin (D:6)
  An orc warrior (D:6)
  A sky beast (D:6)
  2 ice beasts
  2 black bears
  2 ogres
  A lemure (D:4)
  6 phantoms
  A bullfrog (D:6)
  2 scorpions (D:5)
  3 howler monkeys
  A bombardier beetle (D:5)
  3 jellies (D:5)
  2 orc priests (D:4)
  3 hounds
  3 iguanas
  8 orc wizards
  4 gnolls (D:6)
  4 adders
  A white imp (D:3)
  2 ufetubi (D:5)
  3 dart slugs
  3 ribbon worms
  29 orcs
  7 endoplasms
  4 giant cockroaches
  5 goblins
  6 hobgoblins
  8 kobolds
  6 quokkas
  6 ball pythons
  4 bats
  2 frilled lizards
  8 rats
146 creatures vanquished.

Notes
Turn   | Place    | Note
-------+----------+-------------------------------------------
     0 | D:1      | jasper the Vampire Gladiator began the quest for the Orb.
     0 | D:1      | Reached XP level 1. HP: 16/16 MP: 1/1
   148 | D:1      | Reached skill level 3 in Axes
   227 | D:1      | Reached XP level 2. HP: 19/22 MP: 2/2
   435 | D:1      | Found a faded altar of an unknown god.
   761 | D:2      | Gained mutation: You are afflicted with vampirism and can
                  | become a bat while bloodless. [Vampire growth]
   761 | D:2      | Reached XP level 3. HP: 27/27 MP: 3/3
  1144 | D:2      | Reached skill level 4 in Axes
  1588 | D:3      | Noticed an ogre
  1598 | D:3      | Killed an ogre
  1599 | D:3      | Reached skill level 5 in Axes
  1599 | D:3      | Reached XP level 4. HP: 33/33 MP: 4/4
  1613 | D:3      | Found Ucehuerr's Weapon Shoppe.
  1620 | D:3      | Reached XP level 5. HP: 34/38 MP: 5/5
  1772 | D:3      | Found a sacrificial altar of Ru.
  1803 | D:3      | Became a worshipper of Ru the Awakened
  1826 | D:3      | Found a shimmering blue altar of Sif Muna.
  1923 | D:3      | Found a blossoming altar of Fedhas.
  1924 | D:3      | Found an opulent altar of Gozag.
  1925 | D:3      | Found a shimmering altar of Xom.
  2346 | D:4      | Noticed an ogre
  2359 | D:4      | Killed an ogre
  2360 | D:4      | Reached skill level 6 in Axes
  2360 | D:4      | Reached XP level 6. HP: 9/44 MP: 6/6
  2561 | D:4      | Noticed Pikel
  2594 | D:4      | Killed Pikel
  2595 | D:4      | Reached skill level 8 in Axes
  2595 | D:4      | Reached XP level 7. HP: 22/49 MP: 7/7
  2929 | D:4      | Found Taskuyr's Antique Weapon Boutique.
  3121 | D:4      | Found a burning altar of Makhleb.
  3320 | D:4      | Fell from the grace of Ru
  3320 | D:4      | Became a worshipper of Makhleb the Destroyer
  3451 | D:5      | Entered Level 5 of the Dungeon
  3465 | D:5      | Reached skill level 9 in Axes
  3465 | D:5      | Reached XP level 8. HP: 54/55 MP: 8/8
  3468 | D:5      | Noticed a +0 short sword
  3471 | D:5      | Found a hide-covered altar of Uskayaw.
  3471 | D:5      | Noticed a +0 falchion
  3471 | D:5      | Noticed a +0 spear
  3471 | D:5      | Noticed a +0 dagger
  3471 | D:5      | Noticed a +0 short sword
  3471 | D:5      | Noticed a +0 falchion
  3471 | D:5      | Noticed a +0 dagger
  3471 | D:5      | Noticed a +0 spear
  3858 | D:5      | Reached skill level 10 in Axes
  3924 | D:5      | Found a staircase to the Ecumenical Temple.
  4141 | D:5      | Reached skill level 1 in Armour
  4228 | D:6      | Found a basalt altar of Yredelemnul.
  4255 | D:6      | Reached * piety under Makhleb
  4256 | D:6      | Reached XP level 9. HP: 50/60 MP: 9/9
  4548 | D:6      | Found a runed translucent gate.
  4549 | D:6      | Found a runed translucent gate.
  4699 | D:6      | Noticed monsoonserge's ghost (weakling SpDe)
  4702 | D:6      | Found a runed translucent gate.
  4715 | D:6      | Reached skill level 11 in Axes
  5185 | D:7      | Noticed a cyclops
  5185 | D:7      | Noticed Jeremiah
  5275 | D:7      | HP: 1/65 [cyclops/large rock (30)]
  5279 | D:7      | Hit by a large rock thrown by a cyclops

Illustrated notes

Levels and vault maps discovered:
D:1:      dpeg_arrival_lava_temple_mockup, layout_basic,
          ebering_ecumenical_altar_webs
D:2:      layout_loops_corners
D:3:      layout_rooms, amcnicky_altar_gilded, nicolae_ru_sacrificial_ziggurat,
          gammafunk_temple_overflow_claw, serial_shops,
          nicolae_shop_bloodbath_and_beyond, minmay_misc_feat_encased
D:4:      layout_loops_ring, marbit_many_paths, serial_shops,
          nicolae_shop_trees, uniq_pikel
D:5:      layout_basic, nicolae_uskayaw_en_pointe, minmay_temple_entry_overgrown
D:6:      layout_rooms, mainiacjoe_overflow_alcove_1, gammafunk_ghost_split,
          cheibrodos_sewer_entry_bend, kennysheep_decorative_pillar,
          minmay_misc_feat_tower
D:7:      layout_basic, kennysheep_mini, grunt_decor_arrowhead, uniq_joseph,
          uniq_jeremiah

Skill      XL: |  1  2  3  4  5  6  7  8  9 |
---------------+----------------------------+-----
Axes           | 3 5 6 8 9 10 11 | 11.3
Fighting       | 2 4 |  4.0
Armour         | 1 3 |  3.1
Throwing       | |  1.5
Dodging        | |  3.2

Action                     |  1- 3 |  4- 6 |  7- 9 || total
---------------------------+-------+-------+-------++-------
  Melee: War axe           |    86 |   118 |   316 ||   520
         Bite              |     4 |    12 |    37 ||    53
         Punch             |     1 |       |     6 ||     7
  Throw: Throwing net      |     1 |     3 |       ||     4
         Javelin           |       |     1 |       ||     1
         Stone             |       |       |     5 ||     5
         Dart              |       |       |     2 ||     2
    Use: Scroll            |     6 |     4 |     5 ||    15
   Stab: Sleeping          |     3 |       |       ||     3
         Held in net/web   |       |     2 |       ||     2
 Armour: Leather armour    |    46 |    12 |       ||    58
         Scale mail        |       |    68 |   258 ||   326
         Chain mail        |       |       |    15 ||    15
  Dodge: Dodged            |    59 |    68 |   171 ||   298
